 Dungeon Crawl Stone Soup version 0.17-a0-1313-ge10e169 (webtiles) character file.

98 Sommunist the Ruffian (level 4, -10/41 HPs)
             Began as a Minotaur Monk on June 8, 2015.
             Killed by nerve-wracking pain
             ... invoked by Grinder
              (13 damage)
             ... while paralysed by Grinder
             ... on level 3 of the Dungeon.
             The game lasted 00:06:17 (1918 turns).

Sommunist the Ruffian (Minotaur Monk)               Turns: 1918, Time: 00:06:17

Health: -10/41     AC:  3    Str: 15    XL:     4   Next: 43%
Magic:  3/3        EV:  2    Int:  7    God:
Gold:   140        SH:  0    Dex: 14    Spells: 0 memorised, 3 levels left

rFire  + . .     SeeInvis .       - Unarmed
rCold  x . .     Clarity  .     n - +0 leather armour
rNeg   . . .     SustAt   .     (no shield)
rPois  .         Gourm    .     (helmet restricted)
rElec  .         Spirit   .     (no cloak)
rCorr  .         Warding  .     (no gloves)
rMut   .         Stasis   .     (no boots)
MR     .....                    (no amulet)
Stlth  ++........               (no ring)
                                h - ring of fire

@: paralysed, not resistant to hostile enchantments, unstealthy
A: retaliatory headbutt, horns 2
a: no special abilities


You were on level 3 of the Dungeon.
You were not hungry.

You visited 1 branch of the dungeon, and saw 3 of its levels.

You collected 140 gold pieces.

Inventory:

Missiles
 k - 159 stones (quivered)
Armour
 n - a +0 leather armour (worn)
Jewellery
 h - a ring of fire (left hand)
Scrolls
 c - 7 scrolls of teleportation {unknown}
 d - a scroll of recharging {unknown}
 e - 3 scrolls of identify {unknown}
 i - a scroll of immolation {unknown}
 m - a scroll of remove curse {unknown}
 r - a scroll of enchant weapon {unknown}
 u - 2 scrolls of magic mapping {unknown}
Potions
 a - a potion of invisibility {unknown}
 g - 3 potions of curing {unknown}
 j - 2 potions of agility {unknown}
 o - 2 potions of resistance {unknown}
 p - 2 potions of brilliance {unknown}
 s - 2 potions of poison {unknown}
 v - a potion of magic {unknown}
Comestibles
 b - 2 bread rations
 f - a beef jerky
 l - 4 fruits
 q - 5 chunks of flesh
 t - a meat ration


   Skills:
 + Level 4.3 Fighting
 + Level 3.8 Dodging
 + Level 2.6 Stealth
 * Level 5.1 Unarmed Combat


You had 3 spell levels left.
You didn't know any spells.

Dungeon Overview and Level Annotations

Branches:
Dungeon (3/15)

Altars:
Ashenzari

Annotations:
D:3 Grinder


Innate Abilities, Weirdness & Mutations

You reflexively headbutt those who attack you in melee.
You have a pair of horns on your head.


Message History

Unknown command.
Unknown command.
Unknown command.
You barely miss Grinder.
Grinder is moderately wounded.
Grinder closely misses you. You furiously retaliate!
You headbutt Grinder, but do no damage. You closely miss Grinder.
Grinder is moderately wounded.
Grinder gestures.
Grinder blinks!
Grinder gestures at you. Pain shoots through your body!
* * * LOW HITPOINT WARNING * * *
You see here a hobgoblin skeleton.
Grinder gestures at you.
You suddenly lose the ability to move!
Grinder gestures at you. Pain shoots through your body!
You die...

#......# #......#
#......###############
#......'..............
#......#..............
#......#..............
#......#...........†..
#......#.>............
#####@##..............
#÷##..............
#.################ #5#
#.# ###### #.#
#....### #.# #......#
#.####......#
#...........#


You could see Grinder.

Vanquished Creatures
  3 adders (D:2)
  An ooze (D:2)
  3 worms (D:2)
  A giant gecko (D:2)
  10 hobgoblins
  5 kobolds
  2 quokkas (D:3)
  9 bats
  3 giant cockroaches (D:2)
  4 giant newts
  7 goblins
  4 jackals (D:2)
  8 rats
60 creatures vanquished.

Notes
Turn   | Place    | Note
--------------------------------------------------------------
     0 | D:1      | Sommunist the Minotaur Monk began the quest for the Orb.
     0 | D:1      | Reached XP level 1. HP: 19/19 MP: 0/0
   215 | D:1      | Reached XP level 2. HP: 25/27 MP: 1/1
   576 | D:1      | You fall through a shaft!
   736 | D:1      | Reached XP level 3. HP: 33/33 MP: 2/2
  1039 | D:2      | Reached skill level 5 in Unarmed Combat
  1393 | D:2      | Reached XP level 4. HP: 36/40 MP: 3/3
  1723 | D:3      | Found a shattered altar of Ashenzari.
  1889 | D:3      | Noticed Grinder
  1897 | D:3      | Paralysed by Grinder for 4 turns
  1909 | D:3      | HP: 2/41 [Grinder/nerve-wracking pain (8)]
  1916 | D:3      | Paralysed by Grinder for 3 turns
  1918 | D:3      | Killed from afar by Grinder

Vault maps used:
D:1:      lightli_arrival_boilingwater, minmay_misc_feat_secret_circle,
          minmay_misc_feat_encased
D:2:      first_bread, nrook_mini_vaults, kennysheep_generic_room_6
D:3:      minivault_24, ashenzari_altar_1, uniq_robin, uniq_grinder

Action                   |  1- 3 |  4- 6 || total
-------------------------+-------+-------++-------
Melee: Unarmed           |    93 |    54 ||   147
Throw: Stone             |       |     2 ||     2
 Stab: Sleeping          |     4 |     1 ||     5
       Distracted        |       |     1 ||     1
  Eat: Chunk             |     1 |     2 ||     3
